 Dungeon Crawl Stone Soup version 0.23.2-1-ga50397a (webtiles) character file.

Game seed: 15132444424194191880

93942 teukkam the Blocker (level 15, -1/139 HPs)
             Began as a Minotaur Fighter on May 20, 2019.
             Was the Champion of Qazlal.
             Succumbed to a redback's poison
             ... on level 3 of the Lair of Beasts on May 22, 2019.
             The game lasted 01:53:10 (18802 turns).

teukkam the Blocker (Minotaur Fighter)             Turns: 18802, Time: 01:53:11

Health: -1/139     AC: 26    Str: 32    XL:     15   Next: 62%
Magic:  14/14      EV:  7    Int: 16    God:    Qazlal [******]
Gold:   1560       SH: 38    Dex: 10    Spells: 14/14 levels left

rFire    + + .     SeeInvis +   a - +4 flail of Psychosis {freeze, *Rage rF++ rC+}
rCold    + + +     Gourm    .   J - +8 large shield
rNeg     . . .     Faith    +   I - +4 chain mail of Ylam {rElec}
rPois    +         Spirit   .   y - +3 crown of Dyrovepreva {rElec Int+2 SInv}
rElec    +         Reflect  .   (no cloak)
rCorr    .         Harm     .   i - +2 pair of gloves {Str+3}
MR       ++...     Rnd*Rage +   P - +2 pair of boots
Stlth    ..........             A - amulet "Mohargha" {Faith Int+3}
HPRegen  0.33/turn              E - ring "Peim Gyo" {rPois MR+ Str+4 Int-5}
MPRegen  0.14/turn              R - ring of Xom's Malicious Joy {*Slow rElec rC+ Int+7 Slay+3}

@: lethally poisoned (-1 -> -94), protected from physical damage, very slightly
contaminated, repel missiles
A: retaliatory headbutt, horns 2, clever 1, cold resistance 1, deformed body,
evolution 1, subdued magic 1
a: Upheaval, Elemental Force, Disaster Area, Renounce Religion


You were on level 3 of the Lair of Beasts.
You worshipped Qazlal.
Qazlal was exalted by your worship.
You were hungry.

You visited 3 branches of the dungeon, and saw 18 of its levels.
You also visited: Bailey and Ice Cave.

You collected 1728 gold pieces.
You spent 168 gold pieces at shops.

Inventory:

Hand Weapons
 a - the +4 flail of Psychosis (weapon) {freeze, *Rage rF++ rC+}
   (You found it on level 6 of the Lair of Beasts)

   It has been specially enchanted to freeze those struck by it, causing extra
   injury to most foes and up to half again as much damage against particularly
   susceptible opponents.
   It can also slow down cold-blooded creatures.
   It greatly protects you from fire.
   It protects you from cold.
   It may make you go berserk in combat.
 b - a +3 hunting sling of freezing
 e - the +9 dagger of Uncomfortable Rashes {flame, rN+}
   (You bought it in a shop on level 8 of the Dungeon)

   It has been specially enchanted to burn those struck by it, causing extra
   injury to most foes and up to half again as much damage against particularly
   susceptible opponents.
   It protects you from negative energy.
 r - a +4 blowgun
 O - a +2 dagger of venom
 W - a +0 short sword of distortion
 Z - the +4 shortbow of Imugehi {venom, Int+2}
   (You found it in an ice cave)

   It poisons the ammo it fires.
   It affects your intelligence (+2).
Missiles
 m - 5 javelins
 n - 12 curare-tipped needles
 B - 9 tomahawks
 M - 47 poisoned needles
 S - 20 arrows
 T - 27 sling bullets
 X - 5 throwing nets (quivered)
Armour
 i - a +2 pair of gloves of strength (worn)
 y - the +3 crown of Dyrovepreva (worn) {rElec Int+2 SInv}
   (You acquired it on level 4 of the Lair of Beasts)

   It affects your intelligence (+2).
   It insulates you from electricity.
   It lets you see invisible.
 I - the +4 chain mail of Ylam (worn) {rElec}
   (You found it on level 7 of the Dungeon)

   It insulates you from electricity.
 J - a +8 large shield (worn)
 P - a +2 pair of boots (worn)
Jewellery
 A - the amulet "Mohargha" (around neck) {Faith Int+3}
   (You took it off an orc on level 6 of the Dungeon)

   [amulet of faith]

   It allows you to gain divine favour quickly.
   It affects your intelligence (+3).
 E - the ring "Peim Gyo" (left hand) {rPois MR+ Str+4 Int-5}
   (You found it on level 4 of the Dungeon)

   [ring of poison resistance]

   It affects your strength (+4).
   It affects your intelligence (-5).
   It protects you from poison.
   It affects your resistance to hostile enchantments.
 R - the ring of Xom's Malicious Joy (right hand) {*Slow rElec rC+ Int+7 Slay+3}
   (You found it on level 8 of the Dungeon)

   [ring of protection from cold]

   It affects your intelligence (+7).
   It affects your accuracy and damage with ranged weapons and melee attacks
   (+3).
   It protects you from cold.
   It insulates you from electricity.
   It may slow you when you take damage.
Wands
 c - a wand of paralysis (8)
 o - a wand of enslavement (1)
 p - a wand of iceblast (26)
 s - a wand of flame (39)
 x - a wand of random effects (11)
 C - a wand of polymorph (34)
Scrolls
 g - a scroll of enchant armour
 j - 4 scrolls of identify
 l - 3 scrolls of fog
 t - 4 scrolls of fear
 u - 3 scrolls of teleportation
 L - 2 scrolls of magic mapping
 Y - 4 scrolls of remove curse
Potions
 d - 5 potions of might
 h - 7 potions of brilliance
 k - 5 potions of curing
 q - a potion of berserk rage
 v - 4 potions of lignification
 w - 2 potions of heal wounds
 z - a potion of agility
 D - 2 potions of resistance
 G - a potion of ambrosia
 H - a potion of cancellation
 Q - 3 potions of invisibility
 U - 2 potions of haste
 V - a potion of mutation
Miscellaneous
 N - a sack of spiders
Comestibles
 f - 11 rations


   Skills:
 + Level 14.8 Fighting
 - Level 13.1 Short Blades
   Level 4.0(4.2) Axes
 + Level 1.7(3.1) Maces & Flails
 - Level 12.6 Slings
 - Level 14.2 Armour
 + Level 14.8 Shields


You had 14 spell levels left.
You didn't know any spells.
Your spell library contained the following spells:

 Spells                   Type           Power        Failure   Level  Hunger
 Animate Skeleton         Necr           N/A          95%         1    ##.....
 Apportation              Tloc           #.....       95%         1    ##.....
 Confusing Touch          Hex            #.....       95%         1    ##.....
 Flame Tongue             Conj/Fire      #....        95%         1    ##.....
 Summon Small Mammal      Summ           #...         95%         1    ##.....
 Throw Flame              Conj/Fire      #.....       99%         2    ###....
 Conjure Flame            Conj/Fire      #.......     100%        3    ####...
 Ignite Poison            Fire/Tmut/Pois #.......     100%        3    ####...
 Inner Flame              Hex/Fire       #.......     100%        3    ####...
 Sticky Flame             Conj/Fire      #.......     100%        4    #####..
 Fireball                 Conj/Fire      #.........   100%        5    ######.
 Irradiate                Conj/Tmut      #.........   100%        5    ######.
 Bolt of Fire             Conj/Fire      #.........   100%        6    #######
 Hydra Form               Tmut           #.........   100%        6    #######
 Statue Form              Tmut/Erth      #........    100%        6    #######
 Dragon Form              Tmut           #.........   100%        7    #######
 Ring of Flames           Chrm/Fire      #.........   100%        7    #######
 Ignition                 Fire           #.........   100%        8    #######


Dungeon Overview and Level Annotations

Branches:
Dungeon (11/15)            Temple (0/1) D:7            Lair (6/6) D:11
  Swamp (0/4) Lair:3       Spider (1/4) Lair:3        Slime (0/5) Lair:6
    Orc: D:9-12

Altars:
Ashenzari
Cheibriados
Dithmenos
Elyvilon
Fedhas
Gozag
Kikubaaqudgha
Makhleb
Nemelex Xobeh
Qazlal
Ru
Uskayaw
Vehumet
Xom
Zin
The Shining One
Jiyva

Shops:
D:4 *   D:7 *   D:8 (}=!

Annotations:
D:9 2 transporters
Lair:1 exclusion: oklob plant
Lair:2 1 runed translucent door, Enliheo's ghost, journeyman MiGl
Lair:5 1 runed translucent door, Renad's ghost, journeyman OpHu


Innate Abilities, Weirdness & Mutations

You reflexively headbutt those who attack you in melee.
You have a pair of horns on your head.
Your mind is acute. (Int +2)
Your flesh is cold resistant. (rC+)
Armour fits poorly on your strangely shaped body.
You evolve.
Your spells are a little easier to cast, but a little less powerful.


Message History

The wolf spider barely misses you. The redback bites you!
* * * LOW HITPOINT WARNING * * *
You are more poisoned.
The redback poisons you! You block the tarantella's attack.
The wolf spider hits you!
* * * LOW HITPOINT WARNING * * *
The wolf spider bites you!
* * * LOW HITPOINT WARNING * * *
The redback bites you!
* * * LOW HITPOINT WARNING * * *
The redback bites you.
* * * LOW HITPOINT WARNING * * *
The tarantella bites you but does no damage.
Unknown command.
Okay, then.
Blink to where?
Press: ? - help, Dir - move target cursor You are very lightly contaminated with residual magic.
As you read the scroll of blinking, it crumbles to dust.
You die...

..........##
##.P###.....[....
.....#..###
#................
......###
#................ .....##
##....##.....#..# .....#
#[..#.#...#.#[.# .....##
##............... ......#
#................ .....##
##.....#.....##... ##P###
##@P...#.....##.... ####
##............###..#
##...≈.........###...
#####.≈≈≈.≈≈≈s...........
#..#.≈=≈≈.≈≈.≈.....###...
##.#.≈≈≈.≈○○.≈≈°#...P.#..P
#P..#P≈≈°...≈≈≈###........
##.#....§s§s°...#.........
#....≈≈≈ss°°≈≈...........


You could see a jumping spider, a tarantella and a redback.

Vanquished Creatures
  Kirke (Lair:5)
  Gastronok (D:11)
  An ice dragon (Lair:6)
  4 hydras
  Fannar (D:10)
  Harold (D:11)
  4 two-headed ogres
  A queen ant (D:10)
  6 death yaks (Lair:6)
  Urug (Lair:1)
  Sonja (D:10)
  2 lindwurms (Lair:6)
  An unseen horror (D:10)
  A necromancer (IceCv)
  2 ugly things (D:11)
  4 orc knights (Bailey)
  3 wolf spiders
  2 oklob plants (D:11)
  A manticore (D:10)
  5 elephants (Lair:6)
  A guardian serpent (Lair:6)
  11 black mambas
  4 ice statues (IceCv)
  5 torpor snails (Lair:6)
  12 spiny frogs
  A rime drake (Lair:3)
  9 ice devils (IceCv)
  6 komodo dragons
  A jumping spider (Spider:1)
  10 hornets (Lair:6)
  A troll (D:11)
  3 tyrant leeches (Lair:6)
  15 blink frogs
  A meliai zombie (D:11)
  8 hippogriffs
  5 redbacks
  Sigmund (D:4)
  A tarantella (Spider:1)
  2 wraiths
  3 hogs (Lair:5)
  12 wyverns (Lair:6)
  A hungry ghost (D:10)
  57 yaks
  3 basilisks
  Edmund (D:5)
  6 soldier ants (D:10)
  Duvessa (D:5)
  17 water moccasins
  10 porcupines
  2 black bears
  12 orc warriors
  14 ice beasts
  An eye of draining (D:10)
  A necrophage (D:10)
  4 ogres
  2 sky beasts
  3 phantoms
  6 wolves (Lair:4)
  3 big kobolds
  15 crocodiles
  A wyvern zombie (D:5)
  18 bullfrogs
  A water moccasin zombie (D:7)
  4 scorpions
  Dowan (D:5)
  9 killer bees
  A vampire bat (Lair:3)
  2 howler monkeys (D:8)
  An electric eel (Lair:3)
  3 centaur zombies
  3 quasits
  2 bullfrog zombies (D:7)
  4 draconian simulacra (IceCv)
  2 jellies
  5 crimson imps
  3 bullfrog skeletons
  3 orc priests
  5 hounds
  2 centaur skeletons
  3 orc wizards
  Ijyb (D:3)
  2 iguanas
  3 troll simulacra (IceCv)
  34 worker ants
  A statue (D:6)
  2 hound zombies
  A hound skeleton (D:5)
  3 worker ant zombies
  7 gnolls
  A howler monkey skeleton (D:6)
  11 adders
  A naga simulacrum (IceCv)
  2 ogre simulacra (IceCv)
  5 shadow imps
  4 oozes
  An adder skeleton (D:4)
  4 worms
  4 dart slugs
  5 leopard geckos
  68 orcs
  17 bats
  3 giant cockroaches
  8 hobgoblins
  10 jackals
  2 quokkas
  5 ball pythons
  5 frilled lizards (D:1)
  14 goblins
  21 kobolds
  A leopard gecko skeleton (D:4)
  A quokka zombie (D:8)
  12 rats
  3 butterflies
  2 plants
651 creatures vanquished.

Vanquished Creatures (others)
  22 fungi
  51 plants
  2 withered plants (Lair:5)
75 creatures vanquished.

Grand Total: 726 creatures vanquished

Notes
Turn   | Place    | Note
-------+----------+-------------------------------------------
     0 | D:1      | teukkam the Minotaur Fighter began the quest for the Orb.
     0 | D:1      | Reached XP level 1. HP: 19/19 MP: 0/0
   182 | D:2      | Found a stormy altar of Qazlal.
   184 | D:2      | Reached XP level 2. HP: 23/27 MP: 1/1
   188 | D:2      | Became a worshipper of Qazlal Stormbringer
   249 | D:2      | Noticed a scorpion
   497 | D:3      | Reached XP level 3. HP: 33/33 MP: 2/2
   583 | D:3      | Found an ancient bone altar of Kikubaaqudgha.
   652 | D:3      | Noticed Ijyb
   680 | D:3      | Killed Ijyb
   680 | D:3      | Reached XP level 4. HP: 32/41 MP: 3/3
   792 | D:3      | Found a burning altar of Makhleb.
  1103 | D:3      | Found a shadowy altar of Dithmenos.
  1103 | D:3      | Found a sacrificial altar of Ru.
  1114 | D:3      | Found a snail-covered altar of Cheibriados.
  1116 | D:3      | Found a stormy altar of Qazlal.
  1118 | D:3      | Found a blossoming altar of Fedhas.
  1221 | D:2      | Reached XP level 5. HP: 47/47 MP: 4/4
  1373 | D:2      | Reached * piety under Qazlal
  1373 | D:2      | Reached skill level 1 in Slings
  2403 | D:1      | Reached skill level 5 in Armour
  2459 | D:1      | Reached ** piety under Qazlal
  3085 | D:4      | Reached skill level 5 in Fighting
  3118 | D:4      | Found Gozag's Platinum Reserve.
  3118 | D:4      | Found an opulent altar of Gozag.
  3154 | D:4      | Reached XP level 6. HP: 56/56 MP: 5/5
  3164 | D:4      | Reached skill level 5 in Shields
  3248 | D:4      | Reached skill level 1 in Short Blades
  3292 | D:4      | Noticed Sigmund
  3317 | D:4      | Killed Sigmund
  3317 | D:4      | Reached XP level 7. HP: 33/61 MP: 6/6
  3658 | D:4      | Found a shattered altar of Ashenzari.
  3662 | D:4      | Got a faintly glowing amber ring
  3663 | D:4      | Lost intelligence.
  3663 | D:4      | Identified the ring "Peim Gyo" {rPois MR+ Str+4 Int-5} (You
                  | found it on level 4 of the Dungeon)
  4021 | D:5      | Entered Level 5 of the Dungeon
  4299 | D:6      | Reached *** piety under Qazlal
  4331 | D:6      | Reached XP level 8. HP: 39/70 MP: 7/7
  4630 | D:6      | Identified the amulet "Mohargha" {Faith Int+3}
  4806 | D:6      | Found a radiant altar of Vehumet.
  4894 | D:5      | Noticed Dowan
  4912 | D:5      | Noticed Duvessa
  4924 | D:5      | Noticed a +0 dagger
  4924 | D:5      | Noticed a +0 hand axe
  4925 | D:5      | Found a hide-covered altar of Uskayaw.
  4931 | D:5      | Noticed Edmund
  4935 | D:5      | Killed Dowan
  4935 | D:5      | Reached skill level 5 in Slings
  5066 | D:5      | Reached XP level 9. HP: 48/79 MP: 8/8
  5069 | D:5      | Killed Duvessa
  5476 | D:5      | Killed Edmund
  5476 | D:5      | Reached skill level 5 in Short Blades
  5616 | D:6      | Reached **** piety under Qazlal
  5985 | D:7      | Got a spiked chain mail
  5996 | D:7      | Identified the +4 chain mail of Ylam {rElec} (You found it
                  | on level 7 of the Dungeon)
  6443 | D:7      | Found a glowing golden altar of the Shining One.
  6443 | D:7      | Found a white marble altar of Elyvilon.
  6444 | D:7      | Found a glowing silver altar of Zin.
  6457 | D:7      | Found a staircase to the Ecumenical Temple.
  6597 | D:7      | Found Xenommu's Assorted Antiques.
  6709 | D:8      | Found Zivi's Antique Weapon Emporium.
  6735 | D:8      | Reached ***** piety under Qazlal
  6739 | D:8      | Bought an ebony dagger for 168 gold pieces
  6739 | D:8      | Identified the +9 dagger of Uncomfortable Rashes {flame,
                  | rN+} (You bought it in a shop on level 8 of the Dungeon)
  6829 | D:8      | Found a shimmering altar of Xom.
  6855 | D:8      | Reached XP level 10. HP: 79/90 MP: 9/9
  6921 | D:8      | Found Dogei's Gadget Shoppe.
  6988 | D:8      | Got a twitching glass ring
  6989 | D:8      | Identified the ring of Xom's Malicious Joy {*Slow rElec rC+
                  | Int+7 Slay+3} (You found it on level 8 of the Dungeon)
  7011 | D:8      | Found Wobig's Jewellery Emporium.
  7071 | D:8      | Found Manil's Distillery.
  7802 | D:9      | Noticed a two-headed ogre
  7802 | D:9      | Noticed a two-headed ogre
  7812 | D:9      | Killed a two-headed ogre
  7838 | D:9      | Killed a two-headed ogre
  8080 | D:9      | Identified the ring of Kuplod {Fire rPois rN+ Int+2 SInv}
  8095 | D:9      | Found a transporter.
  8098 | D:9      | Noticed a centaur warrior
  8121 | D:9      | Got a twisted scale mail
  8126 | D:9      | Identified the +3 scale mail of Incorporation {rPois Dex+2}
                  | (You found it on level 9 of the Dungeon)
  8209 | D:9      | Noticed a cyclops
  8212 | D:9      | Found a transporter.
  8267 | D:9      | Found a sparkling altar of Nemelex Xobeh.
  8462 | D:10     | Entered Level 10 of the Dungeon
  8500 | D:10     | Noticed a manticore
  8506 | D:10     | Killed a manticore
  8515 | D:10     | Noticed Sonja
  8761 | D:10     | Reached XP level 11. HP: 99/99 MP: 0/10
  9287 | D:10     | Reached skill level 10 in Armour
  9291 | D:10     | Reached skill level 10 in Shields
  9300 | D:10     | Reached skill level 10 in Fighting
  9333 | D:10     | Noticed Fannar
  9343 | D:10     | Killed Fannar
  9499 | D:10     | Noticed a queen ant
  9508 | D:10     | Killed a queen ant
  9508 | D:10     | Reached ****** piety under Qazlal
  9508 | D:10     | HP: 2/101 [queen ant/exploding inner flame[the player
                  | character] (35)]
 10061 | D:10     | Killed an unseen horror
 10219 | D:10     | Killed Sonja
 10592 | D:11     | Noticed a brown ugly thing
 10603 | D:11     | Killed a brown ugly thing
 10604 | D:11     | Noticed Gastronok
 10619 | D:11     | Noticed a green ugly thing
 10622 | D:11     | Killed Gastronok
 10633 | D:11     | Noticed a two-headed ogre
 10651 | D:11     | Found a staircase to the Lair.
 10651 | D:11     | Noticed an oklob plant
 10651 | D:11     | Noticed an oklob plant
 10665 | D:11     | Reached XP level 12. HP: 88/110 MP: 11/11
 10702 | D:11     | Noticed Harold
 10714 | D:11     | Found a flagged portal.
 10741 | D:11     | Killed Harold
 10742 | D:11     | Killed a two-headed ogre
 10746 | Bailey   | Entered a bailey
 11341 | Bailey   | HP: 1/110 [orc warrior/+0 halberd (6)]
 11877 | D:11     | Reached skill level 10 in Slings
 11952 | D:11     | Noticed a two-headed ogre
 11967 | D:11     | Killed a two-headed ogre
 12072 | D:11     | Reached skill level 10 in Short Blades
 12140 | Lair:1   | Entered Level 1 of the Lair of Beasts
 12172 | Lair:1   | Found a frozen archway.
 12247 | Lair:1   | Found a shattered altar of Ashenzari.
 12271 | Lair:1   | Noticed a six-headed hydra
 12280 | Lair:1   | Killed a six-headed hydra
 12300 | Lair:1   | Noticed Urug
 12319 | Lair:1   | Killed Urug
 12374 | IceCv    | Entered an ice cave
 12651 | IceCv    | Reached XP level 13. HP: 60/118 MP: 12/12
 12999 | IceCv    | Got an ichor-stained shortbow
 13023 | IceCv    | Identified the +4 shortbow of Imugehi {venom, Int+2} (You
                  | found it in an ice cave)
 14524 | Lair:2   | Found a runed translucent door.
 14524 | Lair:2   | Noticed Enliheo's ghost (journeyman MiGl)
 14841 | Lair:2   | Reached XP level 14. HP: 129/129 MP: 13/13
 15152 | Lair:3   | Found a hole to the Spider Nest.
 15276 | Lair:3   | Found a staircase to the Swamp.
 16060 | Lair:4   | Identified 3 scrolls of acquirement
 16061 | Lair:4   | Found the +3 crown of Dyrovepreva {rElec Int+2 SInv}
 16620 | Lair:5   | Noticed Kirke
 16636 | Lair:5   | Killed Kirke
 16640 | Lair:5   | Gained mutation: Your spells are a little easier to cast,
                  | but a little less powerful. [potion of mutation]
 16640 | Lair:5   | Gained mutation: Your mind is acute. (Int +2) [potion of
                  | mutation]
 16640 | Lair:5   | Gained mutation: You evolve. [potion of mutation]
 16640 | Lair:5   | Gained mutation: Your flesh is cold resistant. (rC+)
                  | [potion of mutation]
 16736 | Lair:5   | Found a runed translucent door.
 16737 | Lair:5   | Noticed Renad's ghost (journeyman OpHu)
 16920 | Lair:5   | Gained mutation: Armour fits poorly on your strangely
                  | shaped body. [evolution]
 17079 | Lair:6   | Entered Level 6 of the Lair of Beasts
 17144 | Lair:6   | Reached XP level 15. HP: 130/137 MP: 14/14
 17571 | Lair:6   | Identified the +6 short sword "Mem Tiext" {drain, rPois
                  | Int+3} (You found it on level 6 of the Lair of Beasts)
 17676 | Lair:6   | Found a viscous altar of Jiyva.
 17676 | Lair:6   | Found a staircase to the Slime Pits.
 18113 | Lair:6   | Found a runed translucent door.
 18331 | Lair:6   | Identified the +4 flail of Psychosis {freeze, *Rage rF++
                  | rC+} (You found it on level 6 of the Lair of Beasts)
 18425 | Lair:6   | Reached skill level 1 in Maces & Flails
 18775 | Spider:1 | Entered Level 1 of the Spider Nest
 18802 | Lair:3   | Succumbed to a redback's poison

Skill      XL: |  1  2  3  4  5  6  7  8  9 10 11 12 13 14 15 |
---------------+----------------------------------------------+-----
Fighting       | 4 5 6 7 8 9 11 12 13 14 | 14.8
Axes           | 3 4 |  4.0
Armour         | 4 5 6 7 8 9 11 12 13 14 | 14.2
Shields        | 4 5 6 7 8 9 11 12 13 14 | 14.8
Slings         | 1 2 3 5 6 8 9 10 11 12 | 12.6
Short Blades   | 1 3 4 6 7 9 10 11 12 13 | 13.1
Maces & Flails | 1 |  1.7

Action                   |  1- 3 |  4- 6 |  7- 9 | 10-12 | 13-15 || total
-------------------------+-------+-------+-------+-------+-------++-------
Melee: War axe           |    54 |   108 |       |       |       ||   162
       Headbutt          |    12 |    17 |    60 |   125 |   206 ||   420
       Dagger            |       |    32 |   309 |   545 |   738 ||  1624
       Flail             |       |       |       |       |    18 ||    18
 Fire: Hunting sling     |     4 |    19 |    51 |   120 |    55 ||   249
Throw: Throwing net      |       |       |       |     2 |     2 ||     4
Evoke: Wand              |       |     5 |     8 |    29 |     7 ||    49
  Use: Scroll            |     2 |       |    13 |    12 |    25 ||    52
       Potion            |       |       |     7 |     4 |     7 ||    18
 Stab: Paralysed         |       |       |       |     1 |       ||     1
       Held in net/web   |       |       |       |       |     1 ||     1
  Eat: Chunk             |       |     7 |     4 |     2 |     3 ||    16
       Ration            |       |     1 |     2 |     4 |     5 ||    12
Armor: Scale mail        |    25 |    50 |    66 |       |       ||   141
       Chain mail        |       |       |    29 |   164 |   140 ||   333
       Leather armour    |       |       |    10 |       |       ||    10
Dodge: Dodged            |    21 |    37 |    47 |    58 |    63 ||   226
       Deflected         |       |       |     1 |     1 |     1 ||     3
Block: Shield            |    31 |    78 |   251 |       |       ||   360
       Large shield      |       |       |    47 |   639 |   812 ||  1498
